 Dungeon Crawl Stone Soup version 0.28.0-53-g5a82cb258f (webtiles) character file.

Game seed: 11689740653354521032

6026 jjjjhere the Thaumaturge (level 10, -5/57 HPs)
             Began as a Deep Elf Venom Mage on Oct 2, 2022.
             Was a Believer of Ru.
             Slain by a centaur warrior simulacrum (10 damage)
             ... on level 11 of the Dungeon.
             The game lasted 00:26:37 (14658 turns).

jjjjhere the Thaumaturge (Deep Elf Venom Mage)     Turns: 14658, Time: 00:26:37

Health: -5/57      AC:  4    Str:  5    XL:     10   Next: 56%
Magic:  13/28      EV: 16    Int: 25    God:    Ru [**....]
Gold:   286        SH:  0    Dex: 21    Spells: 13/33 levels left

rFire   . . .      SeeInvis .   r - +3 dagger (drain)
rCold   . . .      Faith    .   (no shield)
rNeg    . . .      Spirit   .   M - +0 troll leather armour
rPois   .          Reflect  .   H - +0 helmet
rElec   .          Harm     .   z - +0 cloak
rCorr   .          Rampage  .   (no gloves)
Will    .....                   q - +2 pair of boots
Stlth   ++........              (no amulet)
HPRegen 0.99/turn               i - ring of wizardry
MPRegen 0.21/turn               y - +6 ring of dexterity

@: weak-willed, extremely horrified
A: cowardly, reduced AC 1
a: Renounce Religion


You were on level 11 of the Dungeon.
You worshipped Ru.
Ru was pleased with you.
You visited 2 branches of the dungeon, and saw 12 of its levels.

You collected 572 gold pieces.
You spent 286 gold pieces at shops.

Inventory:

Hand Weapons
 f - a +0 falchion
 r - a +3 dagger of draining (weapon)
 C - a +2 rapier of venom
Missiles
 p - 94 stones
Armour
 q - a +2 pair of boots (worn)
 z - a +0 cloak (worn)
 H - a +0 helmet (worn)
 M - a +0 troll leather armour (worn)
Magical Staves
 m - a staff of air
 K - a staff of death
Jewellery
 i - a ring of wizardry (left hand)
 s - an amulet of guardian spirit
 y - a +6 ring of dexterity (right hand)
Wands
 k - a wand of digging (6)
 v - a wand of iceblast (9)
 x - a wand of polymorph (15)
 D - a wand of flame (39)
Scrolls
 o - 2 scrolls of blinking
 w - a scroll of teleportation {unknown}
 A - 2 scrolls of vulnerability
 B - a scroll of immolation {unknown}
Potions
 b - 2 potions of heal wounds
 c - 2 potions of haste
 d - 2 potions of degeneration {unknown}
 e - 2 potions of magic
 g - 2 potions of brilliance {unknown}
 h - 4 potions of curing
 j - a potion of ambrosia {unknown}
 t - 2 potions of invisibility {unknown}
 u - 2 potions of attraction {unknown}
 E - 2 potions of flight {unknown}
 F - 3 potions of mutation {unknown}
 I - a potion of might {unknown}
 L - a potion of cancellation {unknown}


   Skills:
 - Level 4.2 Fighting
 - Level 7.6 Dodging
 - Level 2.4 Stealth
 - Level 12.1 Spellcasting
 - Level 6.0 Conjurations
 - Level 1.1 Transmutations
 - Level 6.0 Fire Magic
 + Level 6.6 Ice Magic
 - Level 4.0 Poison Magic
 - Level 1.4 Evocations


You had 13 spell levels left.
You knew the following spells:

 Your Spells              Type           Power      Damage    Failure   Level
a - Sting                 Tmut/Pois      68%        1d6       1%          1
b - Poisonous Vapours     Pois/Air       30%        N/A       1%          2
c - Olgreb's Toxic Radia  Pois           21%        N/A       5%          4
d - Mephitic Cloud        Conj/Pois/Air  19%        N/A       1%          3
e - Sandblast             Erth           18%        2d7       2%          1
f - Sticky Flame          Conj/Fire      28%        2d5       2%          4
g - Metabolic Englaciati  Hex/Ice        9%         N/A       19%         5

Your spell library contained the following spells:

 Spells                   Type           Power      Damage    Failure   Level
 Static Discharge         Conj/Air       18%        N/A       1%          2
 Ozocubu's Armour         Ice            30%        N/A       1%          3
 Stone Arrow              Conj/Erth      36%        3d9       2%          3
 Passwall                 Tmut/Erth      9%         N/A       3%          2
 Dispel Undead            Necr           9%         3d8       26%         4
 Simulacrum               Ice/Necr       9%         N/A       67%         6
 Ozocubu's Refrigeration  Ice            15%        4d8       80%         7


Dungeon Overview and Level Annotations

Branches:
Dungeon (11/15)            Temple (1/1) D:6            Lair (0/6) D:9
    Orc (0/2) D:10

Altars:
Ashenzari
Cheibriados
Dithmenos
Elyvilon
Fedhas
Gozag
Hepliaklqana
Kikubaaqudgha
Makhleb
Nemelex Xobeh
Okawaru
Qazlal
Ru
Sif Muna
Trog
Uskayaw
Vehumet
Wu Jian
Xom
Yredelemnul
Zin
The Shining One

Shops:
D:4 *:[=(   D:10 =

Annotations:
D:1 1 runed translucent door
D:4 3 runed translucent doors, macfelon's ghost, amateur DECj


Innate Abilities, Weirdness & Mutations

Your cowardice makes you less effective in combat with threatening foes.
You take slightly more damage. (AC -5)


Message History

The centaur warrior zombie hits you! The centaur warrior zombie kicks you.
The centaur warrior zombie closely misses you.
The centaur warrior zombie kicks you.
Your magical contamination has completely faded away.
You reel with horror at the sight of these foes!
The centaur warrior zombie misses you.
The centaur warrior zombie barely misses you.
Okay, then.
Okay, then.
Casting: Sticky Flame (dangerous; 2% risk of failure)
Confirm with . or Enter, or press ? or * to list all spells.
Aiming: Sticky Flame (dangerous; 2% risk of failure)
Press: ? - help, Shift-Dir - straight line, f - centaur warrior zombie
Aim: a centaur warrior zombie (moderately damaged, weak-willed, 100% to hit)
The sticky flame hits the centaur warrior zombie!
The centaur warrior zombie is heavily damaged.
The centaur warrior zombie is covered in liquid flames!
The centaur warrior zombie burns!
The centaur warrior zombie hits you but does no damage.
The centaur warrior zombie kicks you but does no damage.
The centaur warrior zombie burns!
A centaur warrior simulacrum comes into view.
You reel with horror at the sight of these foes!
Aiming: Dig
Press: ? - help, Shift-Dir - straight line, p - centaur warrior zombie A rock wall.
The rock shatters into small pieces.
The centaur warrior zombie burns!
The centaur warrior zombie hits you!
The centaur warrior zombie barely misses you.
The centaur warrior simulacrum barely misses you.
The centaur warrior simulacrum kicks you.
* * * LOW HITPOINT WARNING * * *
The centaur warrior simulacrum freezes you!
* * * LOW HITPOINT WARNING * * *
The centaur warrior zombie burns!
The centaur warrior simulacrum completely misses you.
The centaur warrior simulacrum kicks you.
* * * LOW HITPOINT WARNING * * *
The centaur warrior simulacrum freezes you!
You die...

.# ## .# #.#
.# #.# ###
.##.# ....
.#.# ..# ..##
..# ##...#
#.#.#######@##
#.......Zu.Z.#
#.###.######.#
##.## §## #
##.###.§§## .#
#u§§§....#
###.#
#Z###...##
#...# #§# ##
#u#######§#


You could see a white ugly thing, a centaur warrior simulacrum and a centaur
warrior zombie (burning, weak-willed).

Vanquished Creatures
  2 trolls
  A wraith (D:11)
  A shadow (D:9)
  5 yaks (D:10)
  A steam dragon (D:9)
  A water moccasin (D:6)
  3 ice beasts
  An ogre (D:4)
  7 orc warriors
  2 sky beasts
  2 necrophages
  A wolf (D:9)
  4 centaurs
  3 kobold brigands
  2 bullfrogs (D:9)
  A scorpion (D:5)
  2 wyvern zombies
  A wyvern skeleton (D:6)
  7 killer bees
  5 howler monkeys
  6 electric eels
  A jelly (D:7)
  6 orc priests
  3 centaur zombies
  8 hounds
  5 orc wizards
  5 iguanas
  A killer bee zombie (D:8)
  A howler monkey zombie (D:8)
  4 adders
  A howler monkey skeleton (D:6)
  A shadow imp (D:7)
  2 white imps (D:7)
  An adder zombie (D:5)
  A worm (D:5)
  4 dart slugs
  27 orcs
  4 ball pythons
  4 endoplasms
  5 giant cockroaches
  6 hobgoblins (D:4)
  4 jackals (D:1)
  5 quokkas
  6 bats
  6 frilled lizards
  10 goblins
  18 kobolds
  5 rats
202 creatures vanquished.

Vanquished Creatures (others)
  4 plants (D:5)
4 creatures vanquished.

Grand Total: 206 creatures vanquished

Notes
Turn   | Place    | Note
-------+----------+-------------------------------------------
     0 | D:1      | jjjjhere the Deep Elf Venom Mage began the quest for the
                  | Orb.
     0 | D:1      | Reached XP level 1. HP: 10/10 MP: 6/6
     1 | D:1      | Found a runed translucent door.
   405 | D:1      | Reached skill level 4 in Spellcasting
   405 | D:1      | Reached XP level 2. HP: 13/15 MP: 3/9
   456 | D:1      | Learned a level 2 spell: Poisonous Vapours
  1233 | D:1      | Reached XP level 3. HP: 19/19 MP: 8/11
  1671 | D:1      | Reached skill level 5 in Spellcasting
  2141 | D:2      | HP: 6/19 [poisoned by an adder]
  2469 | D:2      | Reached XP level 4. HP: 24/24 MP: 10/13
  2896 | D:2      | Learned a level 4 spell: Olgreb's Toxic Radiance
  3341 | D:3      | Learned a level 3 spell: Mephitic Cloud
  3343 | D:3      | Learned a level 1 spell: Sandblast
  3648 | D:4      | Found Sarugoll's Antique Weapon Shop.
  3911 | D:4      | Found Zoanup's Antique Armour Emporium.
  3939 | D:4      | Reached skill level 6 in Spellcasting
  4099 | D:4      | Found Ofomoror's Jewellery Boutique.
  4309 | D:4      | Reached XP level 5. HP: 28/28 MP: 11/15
  4458 | D:4      | Noticed an ogre
  4471 | D:4      | HP: 5/28 [ogre/+0 giant club (23)]
  4927 | D:4      | Found Iladyimi's Book Emporium.
  4933 | D:4      | Bought a book of Touch for 286 gold pieces
  4938 | D:4      | Learned a level 4 spell: Sticky Flame
  4952 | D:4      | Found Esushoh's Assorted Antiques.
  4976 | D:4      | HP: 5/28 [ogre/+0 giant club (23)]
  5353 | D:4      | Killed an ogre
  5354 | D:4      | Reached skill level 1 in Conjurations
  5354 | D:4      | Reached skill level 1 in Fire Magic
  5556 | D:4      | Found a runed translucent gate.
  5556 | D:4      | Found a runed translucent gate.
  5557 | D:4      | Found a runed translucent gate.
  5560 | D:4      | Noticed macfelon's ghost (amateur DECj)
  5638 | D:5      | Entered Level 5 of the Dungeon
  5688 | D:5      | Noticed a necrophage
  5717 | D:5      | Killed a necrophage
  5718 | D:5      | Reached XP level 6. HP: 32/32 MP: 9/17
  5878 | D:5      | Reached skill level 7 in Spellcasting
  6590 | D:5      | Noticed a sky beast
  6597 | D:5      | Killed a sky beast
  6598 | D:5      | Reached XP level 7. HP: 36/36 MP: 11/20
  7453 | D:6      | Found a staircase to the Ecumenical Temple.
  7458 | D:6      | Reached skill level 8 in Spellcasting
  7463 | Temple   | Entered the Ecumenical Temple
  7778 | Temple   | Became a worshipper of Ru the Awakened
  8292 | D:6      | Reached XP level 8. HP: 41/41 MP: 17/22
  8562 | D:6      | Reached skill level 5 in Fire Magic
  8642 | D:6      | Found an opulent altar of Gozag.
  8708 | D:6      | Reached skill level 5 in Conjurations
  8855 | D:6      | Reached skill level 9 in Spellcasting
  9875 | D:8      | Reached skill level 1 in Fighting
  9875 | D:8      | Reached skill level 10 in Spellcasting
 10040 | D:8      | Gained mutation: You take slightly more damage. (AC -5) [Ru
                  | sacrifice]
 10040 | D:8      | Reached * piety under Ru
 10185 | D:8      | Reached XP level 9. HP: 47/47 MP: 13/25
 11039 | D:9      | Reached skill level 5 in Dodging
 11391 | D:9      | Noticed a six-headed hydra
 11449 | D:9      | Found a staircase to the Lair.
 11463 | D:9      | Noticed a troll
 11808 | D:9      | HP: 15/49 [troll (9)]
 12051 | D:9      | Reached skill level 11 in Spellcasting
 13134 | D:9      | Reached XP level 10. HP: 57/57 MP: 21/27
 13509 | D:9      | Reached skill level 12 in Spellcasting
 13728 | D:9      | HP: 7/57 [six-headed hydra (13)]
 13837 | D:10     | Entered Level 10 of the Dungeon
 13837 | D:10     | Found Weuquff's Jewellery Emporium.
 13839 | D:10     | Reached skill level 1 in Evocations
 14028 | D:10     | Learned a level 5 spell: Metabolic Englaciation
 14032 | D:10     | Found a staircase to the Orcish Mines.
 14269 | D:10     | Noticed a boulder beetle
 14365 | D:10     | Reached skill level 5 in Ice Magic
 14493 | D:10     | Noticed a centaur warrior
 14504 | D:10     | Noticed a cyclops
 14545 | D:11     | Gained mutation: Your cowardice makes you less effective in
                  | combat with threatening foes. [Ru sacrifice]
 14545 | D:11     | Reached ** piety under Ru
 14621 | D:11     | Noticed a two-headed ogre
 14633 | D:11     | Noticed a white ugly thing
 14657 | D:11     | HP: 17/57 [centaur warrior simulacrum (2)]
 14657 | D:11     | HP: 5/57 [centaur warrior simulacrum (12)]
 14658 | D:11     | Slain by a centaur warrior simulacrum

Illustrated notes

Levels and vault maps discovered:
D:1:      dpeg_arrival_caged_fury, layout_basic
D:2:      layout_basic, hangedman_glass_teeth
D:3:      layout_rooms
D:4:      cheibrodos_greedy_goblins, layout_loops_ring,
          gammafunk_ghost_necromancy, serial_shops, shop, shop,
          nicolae_stop_n_shop_2, nicolae_shop_overgrown_old_shop,
          nicolae_take_the_stairs
D:5:      layout_basic, serial_bayou, serial_bayou_pond_a, serial_bayou_pond_e,
          serial_bayou_ford_a, serial_bayou_crossing
D:6:      layout_rooms, old_standard_altar, minmay_temple_entry_large_hall
D:7:      layout_rooms, minmay_crystal_water, serial_park_tiny_1
D:8:      layout_cave_pods, eino_small_chamber_without_monster
D:9:      layout_roguey, erik_lair_island, st_stairs_1
D:10:     minmay_the_grid_four_pointed_star_mashed
          [minmay_the_grid_triangle_9x9_stretched_checkered,
          minmay_the_grid_triangle_9x9_checkered,
          minmay_the_grid_triangle_9x9_zippers_vertical,
          minmay_the_grid_triangle_9x9_alien,
          minmay_the_grid_prize_inner_circle], layout_loops_ring, david_orc_3,
          nicolae_stop_n_shop_1, uniq_erolcha
D:11:     layout_loops_ring, serial_ice, serial_ice_h, serial_ice_a,
          serial_ice_l, serial_ice_d, serial_ice_m, serial_ice_b, serial_ice_n,
          portal_ice_cave_entry_pillars_1
Temple:   roderic_octagonal_lattice_temple

Skill      XL: |  1  2  3  4  5  6  7  8  9 10 |
---------------+-------------------------------+-----
Spellcasting   | 4 5 6 7 8 10 11 12 | 12.1
Poison Magic   | 4 |  4.0
Dodging        | 3 4 7 |  7.6
Conjurations   | 2 3 4 6 |  6.0
Fire Magic     | 2 3 4 6 |  6.0
Fighting       | 1 4 |  4.2
Evocations     | 1 |  1.4
Ice Magic      | 6 |  6.6
Stealth        | |  2.4
Transmutations | |  1.1

Action                   |  1- 3 |  4- 6 |  7- 9 | 10-12 || total
-------------------------+-------+-------+-------+-------++-------
Melee: Unarmed           |     5 |       |       |       ||     5
       Falchion          |    43 |    28 |       |       ||    71
       Dagger            |       |    27 |    54 |    23 ||   104
       Punch             |       |     1 |     1 |       ||     2
 Cast: Sting             |    26 |     2 |     1 |       ||    29
       Poisonous Vapours |    33 |    34 |    43 |    10 ||   120
       Sandblast         |       |    10 |    31 |     3 ||    44
       Olgreb's Toxic Ra |       |     5 |    29 |    12 ||    46
       Mephitic Cloud    |       |     7 |    11 |     7 ||    25
       Sticky Flame      |       |     4 |    39 |    13 ||    56
Invok: Sacrifice Health  |       |       |     1 |       ||     1
       Sacrifice Courage |       |       |       |     1 ||     1
Evoke: Wand              |       |       |       |    13 ||    13
  Use: Scroll            |       |       |     6 |     5 ||    11
       Potion            |       |       |       |     1 ||     1
 Stab: Sleeping          |     2 |     1 |     4 |       ||     7
       Confused          |       |     1 |       |     3 ||     4
Armor: Robe              |    18 |    13 |    23 |       ||    54
       Troll leather arm |       |       |       |    15 ||    15
Dodge: Dodged            |    61 |    36 |    97 |    63 ||   257
